 Dungeon Crawl Stone Soup version 0.27.1-4-g1640c2035a (webtiles) character file.

Game seed: 16887484699126971232

215 Descartes the Firebug (level 5, -3/28 HPs)
             Began as a Deep Elf Fire Elementalist on Nov 16, 2021.
             Slain by a scorpion (8 damage)
             ... on level 4 of the Dungeon.
             The game lasted 00:08:34 (4013 turns).

Descartes the Firebug (Deep Elf Fire Elementalist)  Turns: 4013, Time: 00:08:35

Health: -3/28      AC:  4    Str:  5    XL:     5   Next: 60%
Magic:  7/11       EV: 11    Int: 21    God:
Gold:   207        SH:  0    Dex: 15    Spells: 9/10 levels left

rFire    + . .     SeeInvis .   o - +2 short sword (venom)
rCold    x . .     Faith    .   (no shield)
rNeg     . . .     Spirit   .   v - +0 leather armour
rPois    .         Reflect  .   (no helmet)
rElec    .         Harm     .   (no cloak)
rCorr    .         Rampage  .   g - +0 pair of gloves
Will     +....                  (no boots)
Stlth    ++........             j - amulet of regeneration
HPRegen  1.09/turn              d - ring of willpower
MPRegen  0.12/turn              s - ring of fire

@: lethally poisoned (-3 -> -16), very slightly contaminated
A: no striking features
a: no special abilities


You were on level 4 of the Dungeon.
You visited 1 branch of the dungeon, and saw 4 of its levels.

You collected 207 gold pieces.

Inventory:

Hand Weapons
 o - a +2 short sword of venom (weapon)
 u - a +1 dagger of protection
Missiles
 i - 115 stones
 k - 42 arrows
 p - 10 boomerangs
Armour
 a - a +0 robe
 g - a +0 pair of gloves (worn)
 v - a +0 leather armour (worn)
Jewellery
 d - a ring of willpower (left hand)
 j - an amulet of regeneration (around neck)
 s - a ring of fire (right hand)
Wands
 t - a wand of flame (7)
Scrolls
 c - a scroll of torment {unknown}
 l - a scroll of enchant weapon {unknown}
 m - a scroll of amnesia {unknown}
 n - a scroll of identify {unknown}
 q - a scroll of enchant armour {unknown}
Potions
 b - a potion of heal wounds {unknown}
 e - 3 potions of attraction {unknown}
 f - a potion of mutation {unknown}
 h - a potion of curing {unknown}
 r - a potion of magic {unknown}


   Skills:
 - Level 2.4 Dodging
 - Level 2.4 Stealth
 - Level 3.0 Spellcasting
 + Level 4.9 Conjurations
 - Level 5.0 Fire Magic


You had 9 spell levels left.
You knew the following spells:

 Your Spells              Type           Power      Damage    Failure   Level
a - Foxfire               Conj/Fire      100%       2x1d9     3%          1

Your spell library contained the following spells:

 Spells                   Type           Power      Damage    Failure   Level
 Conjure Flame            Conj/Fire      36%        6-21      9%          3
 Inner Flame              Hex/Fire       20%        N/A       24%         3
 Sticky Flame             Conj/Fire      36%        2d6       28%         4
 Fireball                 Conj/Fire      18%        3d9       63%         5


Dungeon Overview and Level Annotations

Branches:
Dungeon (4/15)
 Temple: D:4-7

Altars:


Message History

Casting: Foxfire (safe; 3% risk of failure)
Confirm with . or Enter, or press ? or * to list all spells.
You feel a surge of power!
You conjure some foxfire!
The scorpion barely misses you.
Casting: Foxfire (safe; 3% risk of failure)
Confirm with . or Enter, or press ? or * to list all spells.
You feel a surge of power!
You miscast Foxfire.
You are very lightly contaminated with residual magic.
Nothing appears to happen.
The foxfire hits the scorpion but does no damage.
The scorpion is moderately wounded.
The foxfire hits the scorpion but does no damage.
The scorpion is moderately wounded.
The scorpion stings you.
You are poisoned.
The scorpion poisons you!
Casting: Foxfire (safe; 3% risk of failure)
Confirm with . or Enter, or press ? or * to list all spells.
You feel a surge of power!
You miscast Foxfire.
Nothing appears to happen.
You feel very sick. The scorpion stings you.
Unknown command.
You feel sick. The scorpion stings you.
You are more poisoned.
The scorpion poisons you!
Casting: Foxfire (safe; 3% risk of failure)
Confirm with . or Enter, or press ? or * to list all spells.
You feel a surge of power!
You conjure some foxfire!
You feel very sick. The scorpion stings you.
You are lethally poisoned!
The scorpion poisons you!
* * * LOW HITPOINT WARNING * * *
You feel very sick.
The foxfire hits the scorpion.
The scorpion is heavily wounded.
The foxfire hits the scorpion.
The scorpion is almost dead.
The scorpion stings you!
You die...

##.#####.########)#
..........†.....#.#
#.....)..........#
#.####.####.##.###
#.# #.##.# #.#
#.##.# ###
##.##.##..
#.s......(
#.@.......
##.#.##...
.....(...
#..#.##.### ####.#
# #


You could see a scorpion.

Vanquished Creatures
  A scorpion (D:3)
  Ijyb (D:4)
  An orc wizard (D:3)
  3 adders
  3 worms
  7 orcs
  6 ball pythons
  9 endoplasms
  A giant cockroach (D:2)
  3 goblins
  3 hobgoblins
  3 jackals (D:1)
  2 quokkas
  4 bats
  4 frilled lizards
  7 kobolds
  8 rats
66 creatures vanquished.

Vanquished Creatures (others)
  403 foxfires
403 creatures vanquished.

Grand Total: 469 creatures vanquished

Notes
Turn   | Place    | Note
-------+----------+-------------------------------------------
     0 | D:1      | Descartes the Deep Elf Fire Elementalist began the quest
                  | for the Orb.
     0 | D:1      | Reached XP level 1. HP: 10/10 MP: 6/6
   351 | D:1      | Reached XP level 2. HP: 15/15 MP: 0/8
   539 | D:1      | Found a faded altar of an unknown god.
  1342 | D:2      | Reached skill level 4 in Fire Magic
  1511 | D:2      | Reached XP level 3. HP: 19/19 MP: 6/9
  2576 | D:3      | Noticed a scorpion
  2585 | D:3      | Killed a scorpion
  2586 | D:3      | Reached XP level 4. HP: 21/24 MP: 1/10
  2992 | D:3      | Reached skill level 5 in Fire Magic
  3040 | D:3      | Reached XP level 5. HP: 28/28 MP: 5/11
  3874 | D:4      | Noticed Ijyb
  3949 | D:4      | Killed Ijyb
  4013 | D:4      | Slain by a scorpion

Illustrated notes

Levels and vault maps discovered:
D:1:      lemuel_arrival_lava_pool, layout_basic, basic_ecumenical_altar,
          st_stairs_13
D:2:      layout_loops_ring, minmay_misc_feat_room, minmay_misc_feat_square
D:3:      layout_basic
D:4:      layout_loops_ring, marbit_many_paths, mainiacjoe_overflow_alcove_2,
          cheibrodos_worm_habitat, tso_altar, minmay_temple_entry_overgrown,
          serial_shops, nicolae_shop_statue_plus, uniq_ijyb, uniq_grinder

Skill      XL: |  1  2  3  4  5 |
---------------+----------------+-----
Conjurations   | 2 3 4 |  4.9
Fire Magic     | 4 5 |  5.0
Dodging        | |  2.4
Stealth        | |  2.4
Spellcasting   | |  3.0

Action                   |  1- 3 |  4- 6 || total
-------------------------+-------+-------++-------
Melee: Short sword       |     1 |       ||     1
 Cast: Foxfire           |   148 |   103 ||   251
Armor: Robe              |     7 |     1 ||     8
Dodge: Dodged            |    13 |     3 ||    16
